 Dungeon Crawl Stone Soup version 0.31-a0-965-g8a8ce12e04 (webtiles) character file.

Game seed: 11652474378770993976

53 kae the Chopper (level 3, 0/31 HPs)
             Began as a Hill Orc Fighter on Oct 26, 2023.
             Slain by an orc
             ... wielding a +0 flail
              (8 damage)
             ... on level 3 of the Dungeon.
             The game lasted 00:01:43 (1387 turns).

kae the Chopper (Hill Orc Fighter)                  Turns: 1387, Time: 00:01:44

Health: 0/31       AC:  6    Str: 20    XL:     3   Next: 87%
Magic:  3/3        EV:  9    Int:  8    God:
Gold:   65         SH:  0    Dex: 10    Spells: 2/2 levels left

rFire   + . .        a - +0 war axe
rCold   + + .        c - +0 buckler
rNeg    . . .        b - +0 scale mail
rPois   +            (no helmet)
rElec   +            (no cloak)
rCorr   +            (no gloves)
SInv    .            (no boots)
Will    +....        k - amulet "Rowk" {Reflect rC+ Will+ SH+5} Stlth
                     (no ring)
HPRegen 0.25/turn    (no ring)
MPRegen 0.08/turn

%: reflection
@: confused, mighty, brilliant, resistant, ambrosia-drunk
A: no striking features
a: Convert to Beogh


You were on level 3 of the Dungeon.
You visited 1 branch of the dungeon, and saw 3 of its levels.

You collected 65 gold pieces.


   Skills:
 - Level 3.6 Fighting
 + Level 5.4 Axes
 - Level 3.2 Armour
 - Level 3.2 Shields


You had 2 spell levels left.
You didn't know any spells.
Your spell library contained the following spells:

 Spells                   Type           Power      Damage    Failure   Level
 Dazzling Flash           Conj/Hex       0%         N/A       99%         3
 Agony                    Necr           0%         N/A       100%        5
 Silence                  Hex/Air        0%         N/A       100%        5

Inventory:

Hand Weapons
 a - a +0 war axe (weapon)
Missiles
 e - 20 stones
Armour
 b - a +0 scale mail (worn)
 c - a +0 buckler (worn)
Jewellery
 k - the amulet "Rowk" (around neck) {Reflect rC+ Will+ SH+5}
   (You acquired it on level 3 of the Dungeon)

   [amulet of reflection]

   Reflect:   It reflects blocked missile attacks.
   rC+:       It protects you from cold.
   Will+:     It increases your willpower.
   SH+5:      It affects your SH (+5).
Potions
 f - a potion of resistance
 g - a potion of magic
 h - a potion of curing {@q1}

Dungeon Overview and Level Annotations

Branches:
Dungeon (3/15) Zot: 16581

Altars:

Shops:
D:1 [

Annotations:
D:3 Pargi

#... ###... ##....#
##..##.# # #...##.#
###########
#?..##.###T........w
#...w.w.So.#########
#..†##o##### #
#..@orS# # ########
# # # #


You could see a worm, an orc priest, an orc, a ball python and a rat.


Message History

The frilled lizard bites you but does no damage. 😮 HP[-5]
You take 5 damage, and now have 18/31 hp.
The rat attacks as it pursues you! The rat barely misses you.
You block the frilled lizard's attack. The worm attacks as it pursues you!
The worm bites you but does no damage. The frilled lizard closely misses you.
The frilled lizard attacks as it pursues you!
The frilled lizard barely misses you. 😮 HP[+1] 😮 HP[+1] 😮 HP[+1]
The rat attacks as it pursues you! The rat barely misses you.
A hobgoblin comes into view.
The hobgoblin shouts!
A ball python comes into view.
The ball python hisses angrily.
The rat attacks as it pursues you! The rat closely misses you. 😮 HP[+1]
A quokka comes into view.
The ball python bites you.
You block the ball python's attack. 😮 HP[-1]
You take 1 damage, and now have 21/31 hp. 😮 HP[+1] It was a potion of resistance.
You feel protected. You block the ball python's attack. x2
The ball python bites you but does no damage.
The ball python grabs you. The ball python constricts you.
Unknown command.
You feel very mighty all of a sudden. You block the quokka's attack.
The ball python bites you but does no damage.
The ball python constricts you.
You closely miss the ball python. You closely miss the quokka.
The quokka barely misses you. You block the ball python's attack.
The ball python constricts you. You block the quokka's attack.
You barely miss the ball python. You closely miss the quokka.
The ball python bites you but does no damage.
The ball python constricts you. The quokka bites you.
The ball python bites you but does no damage.
The ball python constricts you. 😮 HP[-1]
You take 1 damage, and now have 21/31 hp.
You are too injured to fight recklessly!
You are too injured to fight recklessly!
You are too injured to fight recklessly!
You are too injured to fight recklessly!
You are too injured to fight recklessly!
You are too injured to fight recklessly!
You hit the quokka. You hit the ball python.
You kill the ball python!
You hear the slow rusting of a very distant drain.
The quokka bites you. The quokka closely misses you. 😮 HP[-1]
You take 1 damage, and now have 20/31 hp.
You miss the quokka. You barely miss the orc. You block the orc's attack.
The quokka closely misses you. The hobgoblin closely misses you.
You block the orc's attack. 😮 HP[+1]
You barely miss the quokka. You closely miss the orc. You slash the hobgoblin!
You kill the hobgoblin!
The quokka bites you but does no damage.
The orc hits you with a +0 flail. The quokka bites you. 😮 HP[-5]
You take 5 damage, and now have 16/31 hp.
You slash the quokka!
You kill the quokka!
You hit the orc. The orc barely misses you.
Unknown command.
You closely miss the orc. You slash the frilled lizard!
You kill the frilled lizard!
The orc hits you with a +0 flail.
* * * LOW HITPOINT WARNING * * *
😨 HP[-6]
You take 6 damage, and now have 10/31 hp.
The ball python hisses angrily.
The orc attacks as it pursues you! The orc barely misses you.
You see here a frilled lizard corpse. 😨 HP[+1]
You barely miss the orc. You block the orc's attack.
The orc hits you with a +0 flail.
* * * LOW HITPOINT WARNING * * *
😱 HP[-5]
You take 5 damage, and now have 6/31 hp.
The orc hits you but does no damage.
You closely miss the orc. The orc hits you with a +0 flail.
* * * LOW HITPOINT WARNING * * *
😱 HP[-3]
You take 3 damage, and now have 3/31 hp.
It was a potion of brilliance.
You feel clever all of a sudden. You block the orc's attack.
It was a potion of ambrosia.
You are confused.
You feel invigorated.
The orc priest begins to cast a cantrip, but forgets the words!
The orc hits you with a +0 flail!
You die...

Skill      XL: |  1  2  3 |
---------------+----------+-----
Axes           | 3 4 5 |  5.4
Fighting       | |  3.6
Armour         | |  3.2
Shields        | |  3.2

Action                     || total
---------------------------++-------
  Melee: War axe           ||    94
    Use: Scroll            ||     7
         Potion            ||     4
 Armour: Scale mail        ||    58
  Dodge: Dodged            ||    47
  Block: Buckler           ||    25

Levels and vault maps discovered:
D:1:      minmay_arrival_four_houses, layout_rooms, serial_shops,
          nicolae_shop_hallway_plus, serial_curves, eino_curves_03,
          eino_curves_04
D:2:      layout_basic
D:3:      layout_rooms, portal_sewer_entry_e, minmay_fractal_squares_gapless_5,
          uniq_pargi

Notes
Turn   | Place    | Note
-------+----------+-------------------------------------------
     0 | D:1      | kae the Hill Orc Fighter began the quest for the Orb.
     0 | D:1      | Reached XP level 1. HP: 19/19 MP: 1/1
     0 | D:1      | magus.rc [v1.11.3]
    30 | D:1      | Found Xitipar's Armour Emporium.
    56 | D:1      | Reached skill level 3 in Axes
   219 | D:1      | Reached XP level 2. HP: 26/26 MP: 2/2
   339 | D:1      | Reached skill level 4 in Axes
   430 | D:1      | You pick up a book of the Senses and begin reading...
   430 | D:1      | You add the spells Dazzling Flash, Agony and Silence to
                  | your library.
   583 | D:2      | Reached XP level 3. HP: 31/31 MP: 3/3
   870 | D:2      | Reached skill level 5 in Axes
   989 | D:2      | Identified the +3 plate armour "Iqaedepen" {rN+ Str+3
                  | Int+4}
  1285 | D:3      | Identified a scroll of acquirement
  1285 | D:3      | Acquired the amulet "Rowk" {Reflect rC+ Will+ SH+5}
  1344 | D:3      | Noticed Pargi
  1383 | D:3      | HP: 6/31 [orc/+0 flail (5)]
  1387 | D:3      | Slain by an orc

Vanquished Creatures
  2 worms (D:2)
  2 dart slugs (D:2)
  An orc (D:2)
  3 endoplasms
  A giant cockroach (D:1)
  3 goblins
  7 hobgoblins
  2 kobolds
  4 quokkas
  6 ball pythons
  A bat (D:2)
  2 frilled lizards
  4 rats
38 creatures vanquished.

Table legend:
 A = Non-vault XP
 B = Vault XP
 C = Vault XP percentage of total XP
 D = Non-vault monster count
 E = Vault monster count
 F = Vault count percentage of total count
                 A         B        C        D         E       F
            +---------+---------+-------+---------+---------+-------
      Total |      76 |       0 |   0.0 |      38 |       0 |   0.0
            +---------+---------+-------+---------+---------+-------
        D:1 |      25 |       0 |   0.0 |      14 |       0 |   0.0
        D:2 |      41 |       0 |   0.0 |      18 |       0 |   0.0
        D:3 |      10 |       0 |   0.0 |       6 |       0 |   0.0
            +---------+---------+-------+---------+---------+-------

Skill      XL: |  1  2  3 |
---------------+----------+-----
Axes           | 3 4 5 |  5.4
Fighting       | |  3.6
Armour         | |  3.2
Shields        | |  3.2

Action                     || total
---------------------------++-------
  Melee: War axe           ||    94
    Use: Scroll            ||     7
         Potion            ||     4
 Armour: Scale mail        ||    58
  Dodge: Dodged            ||    47
  Block: Buckler           ||    25

Illustrated notes

Table legend:
 A = Kills in this place as a percentage of kills in the entire game.
 B = Kills by you in this place as a percentage of kills by you in the entire game.
 C = Kills by friends in this place as a percentage of kills by friends in the entire game.
 D = Other kills in this place as a percentage of other kills in the entire game.
 E = Experience gained in this place as a percentage of experience gained in the entire game.
 F = Experience gained in this place divided by the number of levels of this place that you have seen.
                   A       B       C       D       E      F
               +-------+-------+-------+-------+-------+----------------------
         Total | 100.0 | 100.0 |   N/A |   N/A | 100.0 |  25.3
       Dungeon | 100.0 | 100.0 |   N/A |   N/A | 100.0 |  25.3
               +-------+-------+-------+-------+-------+----------------------

Table legend: (Time is in decaauts)
 A = Elapsed time spent in this place.
 B = Non-inter-level travel time spent in this place.
 C = Inter-level travel time spent in this place.
 D = Time resting spent in this place.
 E = Time spent auto-exploring this place.
 F = Levels seen in this place.
 G = Mean time per level.
                   A        B        C        D        E       F      G
               +--------+--------+--------+--------+--------+-----+--------+
         Total |   1417 |   1381 |     36 |      0 |   1085 |   3 |  472.3 |
       Dungeon |   1417 |   1381 |     36 |      0 |   1085 |   3 |  472.3 |
               +--------+--------+--------+--------+--------+-----+--------+

Top non-repeatable levels by time:
     D:2: 769 daAuts
     D:1: 535 daAuts
     D:3: 112 daAuts
